 Dungeon Crawl Stone Soup version 0.29-a0-575-g0dc89cf053 (webtiles) character file.

Game seed: 8995729277202939073

623 Meatmasher the Cleaver (level 7, -1/61 HPs)
             Began as a Minotaur Berserker on June 13, 2022.
             Was a Believer of Trog.
             Slain by a gnoll
             ... wielding a +0 halberd
              (7 damage)
             ... on level 5 of the Dungeon.
             The game lasted 00:16:46 (4058 turns).

Meatmasher the Cleaver (Minotaur Berserker)         Turns: 4058, Time: 00:16:46

Health: -1/61      AC:  7    Str: 23    XL:     7   Next: 22%
Magic:  6/6        EV: 11    Int:  4    God:    Trog [**....]
Gold:   203        SH:  0    Dex: 10    Spells: 6/6 levels left

rFire   . . .      SeeInvis .   z - +0 war axe
rCold   . . .      Faith    .   (no shield)
rNeg    . . .      Spirit   .   k - +0 ring mail
rPois   .          Reflect  .   (helmet restricted)
rElec   .          Harm     .   (no cloak)
rCorr   .          Rampage  .   (no gloves)
Will    .....                   y - +0 pair of boots
Stlth   +.........              (no amulet)
HPRegen 0.20/turn               (no ring)
MPRegen 0.10/turn               (no ring)

@: no status effects
A: horns 2, retaliatory headbutt
a: Renounce Religion, Berserk, Trog's Hand


You were on level 5 of the Dungeon.
You worshipped Trog.
Trog was pleased with you.
You visited 1 branch of the dungeon, and saw 5 of its levels.

You collected 287 gold pieces.
You spent 84 gold pieces at shops.

Inventory:

Hand Weapons
 a - a +0 hand axe
 f - a +0 club
 q - a +0 long sword
 r - a +0 hunting sling
 v - a +0 scythe
 z - a +0 war axe (weapon)
Missiles
 d - 180 stones (quivered)
Armour
 b - a +0 animal skin
 g - a +0 leather armour
 k - a +0 ring mail (worn)
 l - a +0 ring mail
 m - a +0 leather armour
 y - a +0 pair of boots (worn)
Jewellery
 t - a ring of magical power
Scrolls
 c - 3 scrolls of identify {unknown}
 i - 3 scrolls of enchant weapon {unknown}
 j - a scroll of fear {unknown}
 o - a scroll of blinking {unknown}
 s - a scroll of summoning {unknown}
 u - a scroll of fog {unknown}
 w - 3 scrolls of teleportation {unknown}
 x - a scroll of poison {unknown}
 A - a scroll of acquirement {unknown}
Potions
 e - 2 potions of curing
 h - a potion of lignification {unknown}
 n - a potion of cancellation {unknown}
 p - 2 potions of heal wounds {unknown}


   Skills:
 + Level 5.0 Fighting
 * Level 8.1 Axes
 * Level 4.5 Armour
 + Level 3.0 Dodging
 + Level 0.8 Stealth


You had 6 spell levels left.
You didn't know any spells.
Your spell library contained the following spells:

 Spells                   Type           Power      Damage    Failure   Level
 Necrotize                Necr           0%         1d4       65%         1
 Dazzling Flash           Conj/Hex       0%         N/A       95%         3
 Ozocubu's Armour         Ice            0%         N/A       95%         3
 Portal Projectile        Hex/Tloc       0%         N/A       95%         3
 Tukima's Dance           Hex            0%         N/A       95%         3
 Vampiric Draining        Necr           0%         2d6       95%         3
 Summon Ice Beast         Ice/Summ       0%         N/A       100%        4
 Agony                    Necr           0%         N/A       100%        5
 Blade Hands              Tmut           0%         N/A       100%        5
 Silence                  Hex/Air        0%         N/A       100%        5
 Summon Mana Viper        Hex/Summ       0%         N/A       100%        5
 Monstrous Menagerie      Summ           0%         N/A       100%        7
 Ozocubu's Refrigeration  Ice            0%         4d5       100%        7


Dungeon Overview and Level Annotations

Branches:
Dungeon (5/15)
 Temple: D:4-7

Altars:
Dithmenos
Hepliaklqana
Xom

Shops:
D:1 [[?   D:4 (


Innate Abilities, Weirdness & Mutations

You have a pair of horns on your head.
You reflexively headbutt those who attack you in melee.


Message History

The gnoll closely misses you. Something hits you. The gnoll closely misses you.
A gnoll comes into view. It is wielding a +0 halberd.
You slash the gnoll! Your headbutt misses the gnoll.
The gnoll is almost dead.
You hit something.
You feel sick. The gnoll closely misses you.
Something hits you but does no damage. The gnoll barely misses you.
You slash the gnoll!
You kill the gnoll!
Trog accepts your kill.
You hit something but do no damage.
You feel sick. Something hits you but does no damage.
The gnoll completely misses you.
You barely miss something.
You feel sick. Something hits you but does no damage.
The gnoll closely misses you. Something hits you.
You feel sick.
You are no longer poisoned.
A magic dart appears from out of thin air!
The magic dart hits you. The gnoll misses you.
The gnoll hits you from afar with a +0 halberd.
Items here: )) ††.
You barely miss the gnoll.
A magic dart appears from out of thin air!
The magic dart hits you! The gnoll misses you. x2
You closely miss the gnoll. Your headbutt misses the gnoll.
The gnoll hits you but does no damage. The gnoll barely misses you.
You slash the gnoll!
You kill the gnoll!
Trog accepts your kill.
You slash something! Trog accepts your kill.
Trog appreciates your killing of a magic user.
Reactivating autopickup.
You feel a bit more experienced.
A gnoll comes into view. It is wielding a +0 halberd.
The gnoll hits you from afar with a +0 halberd!
* * * LOW HITPOINT WARNING * * *
Your Axes skill increases to level 8!
There is a stone staircase leading up here.
The gnoll shouts!
The gnoll hits you from afar with a +0 halberd!
You die...

## #.# #.. #.#
#.# # ####
#.#.# ###
#....##.#.#....
#.....@)g......
........)...#g.
........)...#
............#
............#
#.#....#.#.## #
#....#...#
...........
............


You could see 2 gnolls.

Vanquished Creatures
  Sigmund (D:2)
  A necrophage (D:4)
  3 scorpions (D:4)
  An orc priest (D:5)
  2 hounds
  A jelly (D:4)
  An orc wizard (D:5)
  2 gnolls (D:5)
  An ufetubus (D:4)
  6 worms
  A dart slug (D:1)
  3 orcs (D:5)
  3 endoplasms
  3 giant cockroaches
  9 goblins
  2 hobgoblins
  3 quokkas
  8 ball pythons
  7 bats
  A frilled lizard (D:1)
  7 kobolds
  3 rats
69 creatures vanquished.

Notes
Turn   | Place    | Note
-------+----------+-------------------------------------------
     0 | D:1      | Meatmasher the Minotaur Berserker began the quest for the
                  | Orb.
     0 | D:1      | Reached XP level 1. HP: 19/19 MP: 0/0
   127 | D:1      | Found Wasoxah's Magic Scroll Boutique.
   226 | D:1      | Reached XP level 2. HP: 27/27 MP: 1/1
   248 | D:1      | Reached skill level 4 in Axes
   259 | D:1      | Found Heahiuq's Armour Shop.
   286 | D:1      | Found Resu's Antique Armour Emporium.
  1352 | D:2      | Reached XP level 3. HP: 8/33 MP: 2/2
  2116 | D:2      | Noticed Sigmund
  2127 | D:2      | Killed Sigmund
  2128 | D:2      | Reached skill level 6 in Axes
  2128 | D:2      | Reached XP level 4. HP: 29/41 MP: 3/3
  2128 | D:2      | Reached XP level 5. HP: 33/47 MP: 4/4
  2376 | D:3      | Reached ** piety under Trog
  2764 | D:3      | Found a faded altar of an unknown god.
  2792 | D:3      | Noticed a shadow
  2793 | D:3      | Found a shadowy altar of Dithmenos.
  2795 | D:3      | Found a hazy altar of Hepliaklqana.
  3133 | D:4      | Found Kaisecan's Antique Weapon Shop.
  3142 | D:4      | Bought a war axe for 84 gold pieces
  3167 | D:4      | Reached XP level 6. HP: 32/53 MP: 5/5
  3367 | D:4      | HP: 2/53 [poisoned by a scorpion]
  3747 | D:4      | Found a shimmering altar of Xom.
  3804 | D:4      | Reached skill level 7 in Axes
  3925 | D:4      | Reached XP level 7. HP: 42/60 MP: 6/6
  4039 | D:5      | Entered Level 5 of the Dungeon
  4045 | D:5      | Reached skill level 5 in Fighting
  4057 | D:5      | Reached skill level 8 in Axes
  4058 | D:5      | Slain by a gnoll

Illustrated notes

Levels and vault maps discovered:
D:1:      dpeg_arrival_another_circle, layout_loops_ring, serial_shops,
          nicolae_shop_statue_plus, nicolae_shop_temple_entry_statues_fountains,
          nicolae_shop_behind_doors
D:2:      layout_basic, minmay_fractal_squares_gapless_5, uniq_sigmund
D:3:      layout_basic, riverfiend_overflow_shadow_ancestor,
          hellmonk_ecumenical_altar_inner_sanctum, nicolae_wormholes
D:4:      layout_basic, nicolae_overflow_hidden_temple, serial_shops, shop
D:5:      layout_basic, bloody_trog, minmay_temple_entry_hall

Skill      XL: |  1  2  3  4  5  6  7 |
---------------+----------------------+-----
Fighting       | 4 5 |  5.0
Axes           | 4 6 7 8 |  8.1
Armour         | 3 4 |  4.5
Dodging        | 3 |  3.0
Stealth        | |  0.8

Action                   |  1- 3 |  4- 6 |  7- 9 || total
-------------------------+-------+-------+-------++-------
Melee: Hand axe          |    71 |    32 |       ||   103
       Headbutt          |     7 |    10 |     1 ||    18
       War axe           |       |    45 |    16 ||    61
       Punch             |       |     1 |       ||     1
Throw: Stone             |       |     1 |       ||     1
  Use: Potion            |       |     2 |       ||     2
Armor: Leather armour    |    17 |     5 |       ||    22
       Ring mail         |       |    22 |    14 ||    36
Dodge: Dodged            |    34 |    54 |    16 ||   104

Table legend: (Time is in decaauts)
 A = Elapsed time spent in this place.
 B = Non-inter-level travel time spent in this place.
 C = Inter-level travel time spent in this place.
 D = Time resting spent in this place.
 E = Time spent auto-exploring this place.
 F = Levels seen in this place.
 G = Mean time per level.
                   A        B        C        D        E       F      G
               +--------+--------+--------+--------+--------+-----+--------+
         Total |   4072 |   2691 |   1381 |    763 |   1456 |   5 |  814.4 |
       Dungeon |   4072 |   2691 |   1381 |    763 |   1456 |   5 |  814.4 |
               +--------+--------+--------+--------+--------+-----+--------+

Top non-repeatable levels by time:
     D:2: 1249 daAuts
     D:1: 1046 daAuts
     D:4: 1014 daAuts
     D:3: 741 daAuts
     D:5: 20 daAuts
